Map: Rifts to Korhal

Players

ViS

  • Race: Zerg Zerg

AznHopeful

  • Race: Zerg Zerg
  • Spawn Location: 7:00

VOD

Have the link to the VOD?

Description

Time

  • Played on: Jan. 3, 2018, 8:50 p.m.
  • Length: 13:51
Show
View Real Time Build Order
Export as new Build Order

ViS Zerg 

Build Orders:  

Get SALT Encoding   

  18  0:03  Primal Drone  
  19  0:11  Primal Drone  
  19  0:17  Primal Drone  
  21  0:27  Extractor  
  21  0:52  Primal Warden  
  22  1:00  Extractor  
  22  1:02  Primal Drone  
  22  1:09  Primal Drone  
  24  1:24  Primal Drone x2  
  26  1:56  Glevig's Den  
  26  1:59  Primal Drone  
  26  2:15  Primal Drone x3  
  26  2:16  Primal Warden  
  29  2:25  Primal Drone  
  30  3:14  Primal Drone x3  
  33  3:32  Murvar's Den  
  32  3:40  Primal Hydralisk  
  32  3:41  Primal Hydralisk x3  
  32  3:47  Primal Drone  
  41  3:50  Primal Drone  
  42  4:18  Primal Drone x2  
  44  4:24  Impaler x2  
  42  4:45  Primal Attacks Level 1  
  42  4:53  Primal Drone x2  
  42  4:56  Primal Warden  
  44  5:04  Primal Hydralisk x2  
  44  5:05  Primal Hydralisk x2  
  52  5:14  Primal Drone  
  53  6:11  Impaler x2  
  53  6:14  Impaler x2  
  53  6:15  Primal Warden  
  51  7:05  Primal Drone x4  
  51  7:08  Primal Hydralisk x2  
  51  7:09  Primal Hydralisk x2  
  63  7:11  Dakrun's Den  
  62  7:50  Impaler x4  
  62  8:19  Primal Hydralisk x4  
  70  8:20  Primal Hydralisk  
  70  8:29  Impaler x4  
  73  8:43  Primal Warden  
  73  8:48  Primal Hydralisk  
  75  8:52  Impaler x4  
  68  9:11  Primal Hydralisk x2  
  68  9:12  Primal Attacks Level 2  
  72  9:20  Impaler  
  72  10:03  Primal Drone x2  
  72  10:07  Impaler x7  
  78  10:12  Primal Wurm x4  
  78  10:22  Primal Drone x3  
  78  10:27  Primal Hydralisk x5  
  89  10:32  Primal Wurm  
  89  11:17  Impaler x2  
  89  11:18  Impaler x4  
  89  11:19  Primal Hydralisk x5  
  99  11:22  Impaler x3  
  99  11:23  Impaler  
  74  12:37  Tenderize  
  74  12:57  Impaler x3  
  74  12:58  Impaler x4  
Show
View Real Time Build Order
Export as new Build Order

AznHopeful Zerg 

Build Orders:  

Get SALT Encoding   

  11  1:11  Roach Warren  
  10  5:36  Roach Warren  
Tags
 
Add a new tag
Caveats
  • Supply blocks, unpowered buildings, or Contaminate may cause inaccurate times.
  • Supply counts are checked every 10 seconds.